 Dungeon Crawl Stone Soup version 0.28-a0-563-gf77a47075d (webtiles) character file.

Game seed: 3367894745508150346

867 sanka the Agent of Entropy (level 7, 0/55 HPs)
             Began as a Palentonga Abyssal Knight on Sept 29, 2021.
             Was a Priest of Lugonu.
             Slain by an ogre (22 damage)
             ... on level 6 of the Dungeon.
             The game lasted 00:09:03 (5657 turns).

sanka the Agent of Entropy (PaAK)                   Turns: 5657, Time: 00:09:04

Health: 0/55       AC: 13    Str: 16    XL:     7   Next: 73%
Magic:  13/13      EV:  9    Int: 10    God:    Lugonu [***...]
Gold:   245        SH:  0    Dex: 10    Spells: 6/6 levels left

rFire   . . .      SeeInvis +   a - +0 war axe
rCold   + . .      Faith    +   (no shield)
rNeg    . . .      Spirit   .   x - +2 robe "Kickilek" {Will+ Regen+ Str-3 Slay+2}
rPois   .          Reflect  .   (no helmet)
rElec   .          Harm     .   (no cloak)
rCorr   .          Rampage  .   (no gloves)
Will    +....                   (no barding)
Stlth   +.........              h - amulet of faith
HPRegen 1.18/turn               (no ring)
MPRegen 0.13/turn               f - ring of protection from cold

@: curled up
A: large, rugged brown scales 3, see invisible, deformed body, roll 1, armoured
tail, reflexive curl
a: Rolling Charge, Renounce Religion, Depart the Abyss, Bend Space, Banish


You were on level 6 of the Dungeon.
You worshipped Lugonu.
Lugonu was most pleased with you.
You visited 1 branch of the dungeon, and saw 6 of its levels.
You visited the Abyss 1 time.

You collected 333 gold pieces.
You spent 88 gold pieces at shops.


Innate Abilities, Weirdness & Mutations

You are completely covered in rugged brown scales. (AC +3, +7% HP)
You have supernaturally acute eyesight. (SInv)
Armour fits poorly on your strangely shaped body.
You can roll at nearby foes to attack.
You have a long armoured tail.
You curl defensively after being hit.


   Skills:
 - Level 3.0 Fighting
 + Level 5.5 Axes
 - Level 1.5 Armour
 - Level 0.7 Dodging
 - Level 8.0 Invocations


You had 6 spell levels left.
You didn't know any spells.
Your spell library contained the following spells:

 Spells                   Type           Power      Damage    Failure   Level
 Corpse Rot               Necr/Air       N/A        N/A       50%         2
 Poisonous Vapours        Pois/Air       0%         N/A       50%         2
 Summon Lightning Spire   Summ/Air       0%         N/A       98%         4
 Storm Form               Tmut/Air       0%         N/A       100%        7
 Maxwell's Capacitive Co  Air            0%         ∞         100%        8

Inventory:

Hand Weapons
 a - a +0 war axe (weapon)
 b - a +1 hand axe
Missiles
 r - 16 poisoned darts
Armour
 x - the +2 robe "Kickilek" (worn) {Will+ Regen+ Str-3 Slay+2}

   Str:       It affects your strength (-3).
   Slay:      It affects your accuracy & damage with ranged weapons and melee
   (+2).
   Regen:     It increases your rate of health regeneration.
   Will:      It increases your willpower.
Magical Staves
 u - a staff of poison
Jewellery
 f - a ring of protection from cold (right hand)
 h - an amulet of faith (around neck)
Wands
 A - a wand of digging (5)
Scrolls
 j - 5 scrolls of identify {unknown}
 m - 2 scrolls of amnesia
 n - a scroll of enchant weapon {unknown}
 p - a scroll of noise {unknown}
 q - a scroll of enchant armour {unknown}
 s - a scroll of teleportation {unknown}
 t - 2 scrolls of holy word {unknown}
 w - a scroll of brand weapon {unknown}
 y - a scroll of fog {unknown}
Potions
 c - 2 potions of heal wounds {@q2}
 d - 4 potions of flight {unknown}
 e - a potion of mutation {unknown}
 g - a potion of haste {unknown}
 i - 2 potions of cancellation {unknown}
 k - a potion of invisibility {unknown}
 l - 3 potions of curing {unknown}
 o - a potion of lignification {!q}
 v - a potion of might {unknown}
 z - 2 potions of attraction {unknown}

Dungeon Overview and Level Annotations

Branches:
Dungeon (6/15)             Temple (0/1) D:4

Altars:
Fedhas
Kikubaaqudgha
Nemelex Xobeh
Sif Muna
Wu Jian
Xom

Shops:
D:4 !

Annotations:
D:3 2 transporters, sn0wgr3's ghost, amateur GrFi
D:5 2 runed translucent doors
D:6 totalnoob's ghost, novice DsNe

▒..▒▒▒. ▒▒▒▒▒'▒▒.....▒▒▒▒
▒=.▒▒▒▒▒▒▒.....s..........
........................
.....▒▒...▒▒▒▒▒▒...▒▒▒▒
▒...▒▒▒▒▒▒▒▒▒▒..▒▒▒
▒..▒▒...▒▒....+....▒▒ .
........▒.....▒....▒ ..
........O.....▒....▒▒5▒...
.......>▒H....▒.....▒5..▒.
........▒.....▒.....▒5.▒▒.
▒.▒▒▒...▒▒...▒▒▒.▒▒.▒....▒
▒ ▒...▒▒...▒▒▒.▒▒.▒▒....
...<.▒...........▒▒5▒▒
......▒.........'..▒▒▒©
...... ▒....▒▒..▒▒......
▒▒▒▒'▒▒▒'▒▒..▒...
..........▒▒..


You could see an ogre.


Message History

The bullfrog gives a loud, deep croak!
There is an open door here.
You closely miss the bullfrog. The bullfrog hits you.
The bullfrog closely misses you.
There is an open door here.
The bullfrog releases a deep croak.
The bullfrog hits you.
You hit the bullfrog but do no damage. The bullfrog hits you.
The bullfrog hits you but does no damage.
You slash the bullfrog!
The bullfrog is severely wounded.
The bullfrog closely misses you. The bullfrog completely misses you.
You slash the bullfrog!
You kill the bullfrog!
Lugonu accepts your kill. The ogre barely misses you.
You hit the ogre.
The ogre is lightly wounded.
The ogre hits you with a +0 giant club!
You hit the ogre.
The ogre is lightly wounded.
The ogre hits you with a +0 giant club!!
* * * LOW HITPOINT WARNING * * *
You hit the ogre.
The ogre is moderately wounded.
The ogre hits you with a +0 giant club!!
You die...

Action                   |  1- 3 |  4- 6 |  7- 9 || total
-------------------------+-------+-------+-------++-------
Melee: Hand axe          |    86 |   119 |       ||   205
       Tailslap          |     7 |    22 |     2 ||    31
       War axe           |       |    48 |    36 ||    84
Invok: Banish            |       |     2 |       ||     2
 Abil: Rolling Charge    |    26 |    12 |     2 ||    40
  Use: Scroll            |       |     1 |       ||     1
Armor: Leather armour    |    35 |    27 |       ||    62
       Robe              |       |    35 |     8 ||    43
Dodge: Dodged            |    34 |   101 |    20 ||   155

Levels and vault maps discovered:
D:1:      co_arrival_random_square_maze, layout_basic, basic_ecumenical_altar
D:2:      layout_rooms, basic_altar
D:3:      layout_loops_ring, kennysheep_orc_sif_temple,
          gammafunk_ghost_mausoleum
D:4:      layout_gridville, grunt_temple_overflow_open,
          minmay_temple_entry_waves, serial_shops, nicolae_stop_n_shop_2,
          minmay_door_square, minmay_crossroads
D:5:      layout_basic, jmf_multi_god_temple2, ebering_dispersal_statue_hall
D:6:      layout_gridville, gammafunk_ghost_stat_death

Notes
Turn   | Place    | Note
-------+----------+-------------------------------------------
     0 | Abyss:1  | sanka the Palentonga Abyssal Knight began the quest for the
                  | Orb.
     0 | Abyss:1  | Reached XP level 1. HP: 19/19 MP: 2/2
    13 | D:1      | Escaped the Abyss
    61 | D:1      | Reached skill level 3 in Invocations
    61 | D:1      | Reached XP level 2. HP: 23/25 MP: 2/4
   196 | D:1      | Reached ** piety under Lugonu
   411 | D:1      | Found a faded altar of an unknown god.
   803 | D:2      | Reached XP level 3. HP: 25/31 MP: 5/5
  1018 | D:2      | Reached skill level 4 in Invocations
  1031 | D:2      | HP: 3/31 [poisoned by an adder]
  1328 | D:2      | Found a shimmering altar of Xom.
  1591 | D:3      | Reached XP level 4. HP: 37/37 MP: 7/7
  1598 | D:3      | Reached skill level 5 in Invocations
  1658 | D:3      | Noticed sn0wgr3's ghost (amateur GrFi)
  1683 | D:3      | Found a transporter.
  1688 | D:3      | Found a transporter.
  2334 | D:3      | Found a shimmering blue altar of Sif Muna.
  2410 | D:4      | Noticed a black bear
  2454 | D:4      | Found Ronk's Distillery.
  2457 | D:4      | Bought a potion of heal wounds for 55 gold pieces
  2457 | D:4      | Bought a potion of lignification for 33 gold pieces
  2881 | D:3      | Reached XP level 5. HP: 34/43 MP: 9/9
  3242 | D:4      | Found an ancient bone altar of Kikubaaqudgha.
  3249 | D:4      | Reached *** piety under Lugonu
  3250 | D:4      | Reached skill level 6 in Invocations
  3454 | D:4      | Found a staircase to the Ecumenical Temple.
  3454 | D:4      | Found a blossoming altar of Fedhas.
  3616 | D:4      | Found an ornate altar of the Wu Jian Council.
  3616 | D:4      | Found a sparkling altar of Nemelex Xobeh.
  3939 | D:5      | Entered Level 5 of the Dungeon
  4541 | D:5      | Identified the +2 robe "Kickilek" {Will+ Regen+ Str-3
                  | Slay+2}
  4777 | D:5      | Found a large runed translucent door.
  4777 | D:5      | Found a large runed translucent door.
  5076 | D:6      | Noticed a necrophage
  5079 | D:6      | Noticed an acid dragon
  5086 | D:5      | Killed a necrophage
  5087 | D:5      | Reached skill level 7 in Invocations
  5087 | D:5      | Reached XP level 6. HP: 36/50 MP: 11/11
  5164 | D:6      | Noticed an orc warrior
  5341 | D:6      | Reached skill level 8 in Invocations
  5419 | D:6      | Banished an orc warrior
  5420 | D:6      | Reached skill level 3 in Axes
  5420 | D:6      | Gained mutation: You curl defensively after being hit.
                  | [Palentonga growth]
  5420 | D:6      | Reached XP level 7. HP: 55/55 MP: 4/13
  5499 | D:6      | Noticed totalnoob's ghost (novice DsNe)
  5580 | D:6      | Reached skill level 4 in Axes
  5607 | D:6      | Reached skill level 5 in Axes
  5657 | D:6      | Slain by an ogre

Vanquished Creatures
  A hornet zombie (D:6)
  A black bear (D:6)
  A necrophage (D:5)
  A bullfrog (D:6)
  A scorpion (D:6)
  A centaur zombie (D:6)
  4 hounds
  A bullfrog skeleton (D:6)
  2 hound skeletons
  3 adders
  4 gnolls
  A howler monkey skeleton (D:5)
  A white imp (D:6)
  An adder skeleton (D:4)
  5 dart slugs
  12 orcs
  4 endoplasms
  5 giant cockroaches
  4 hobgoblins
  4 quokkas
  10 ball pythons
  9 bats
  2 frilled lizards
  2 goblins
  A jackal skeleton (D:4)
  8 kobolds
  3 rats (D:1)
92 creatures vanquished.
